Map: Site Delta LE

Players

Djoker - Winner!

  • Race: Terran Terran
  • League: Diamond
  • Spawn Location: 11:00

AiByte

  • Race: Terran Terran
  • League: Diamond
  • Spawn Location: 5:00

VOD

Have the link to the VOD?

Description

CTL Season 30

Time

  • Played on: Feb. 25, 2024, 5:07 p.m.
  • Length: 8:46
Show
View Real Time Build Order
Export as new Build Order

Djoker Terran - Winner!

Build Orders: 1/1/1 

Get SALT Encoding   

  12  0:00  SCV  
  13  0:12  SCV  
  14  0:17  Supply Depot  
  14  0:24  SCV  
  15  0:38  SCV  
  15  0:39  Barracks  
  16  0:44  Refinery  
  16  0:50  Refinery  
  16  0:53  SCV  
  17  1:05  SCV  
  18  1:17  SCV  
  19  1:26  Marine  
  19  1:29  Orbital Command  
  19  1:32  Factory  
  20  1:44  Marine  
  21  1:55  SCV  
  22  2:02  Barracks Tech Lab  
  22  2:07  SCV  
  23  2:18  Starport  
  23  2:31  Supply Depot  
  23  2:34  Supply Depot  
  23  2:38  Barracks Reactor  
  23  2:52  Siege Tank, SCV  
  23  2:55  Viking  
  29  3:04  SCV  
  30  3:14  Marine x2  
  32  3:24  Siege Tank  
  32  3:25  Viking  
  37  3:34  Marine x2  
  39  3:47  Command Center  
  39  3:58  Supply Depot  
  39  4:20  Siege Tank, Marine x2  
  44  4:29  SCV  
  45  4:38  Marine x2  
  47  4:51  Starport Reactor  
  47  4:58  Siege Tank, Marine x2  
  52  5:14  Orbital Command, Engineering Bay  
  52  5:15  SCV  
  53  5:28  SCV  
  52  5:29  Refinery x2  
  52  5:33  Marine x2  
  54  5:35  Viking  
  54  5:36  Viking  
  54  5:40  SCV  
  59  6:01  SCV x2  
  61  6:07  Missile Turret  
  61  6:08  Missile Turret  
  61  6:12  Viking  
  61  6:13  SCV  
  61  6:15  Viking  
  61  6:28  Marine  
  62  6:42  Viking, Marine  
  62  6:50  Viking  
  62  7:01  Supply Depot  
  62  7:03  Siege Tank, SCV x2, Marine x2  
  62  7:05  Supply Depot  
  69  7:27  Viking x2  
  73  7:42  Marine  
  73  7:43  Siege Tank, Marine  
  78  8:00  Marine x2  
  77  8:13  SCV x2  
  77  8:16  Supply Depot  
  77  8:18  Marine x2  
  84  8:25  SCV  
Show
View Real Time Build Order
Export as new Build Order

AiByte Terran 

Build Orders: Cyclone Opening 

Get SALT Encoding   

  12  0:00  SCV  
  13  0:12  SCV  
  14  0:16  Supply Depot  
  14  0:24  SCV  
  15  0:38  SCV  
  15  0:39  Barracks  
  16  0:46  Refinery  
  16  0:50  SCV  
  16  0:54  Refinery  
  17  1:02  SCV  
  18  1:14  SCV  
  19  1:27  Reaper  
  19  1:28  Supply Depot  
  19  1:32  Orbital Command  
  20  1:54  Factory  
  20  2:00  Reaper  
  21  2:04  SCV  
  22  2:14  Bunker  
  22  2:16  SCV  
  23  2:29  SCV  
  24  2:41  Cyclone  
  26  2:44  Command Center  
  26  2:47  SCV  
  27  2:57  Starport  
  27  3:06  Barracks Tech Lab  
  27  3:09  SCV  
  28  3:14  Factory Tech Lab  
  28  3:22  SCV  
  30  3:34  SCV  
  30  3:43  Supply Depot  
  30  3:52  SCV  
  31  3:56  Siege Tank  
  34  4:04  Raven  
  34  4:06  Refinery  
  36  4:17  Interference Matrix  
  36  4:18  SCV  
  37  4:28  Siege Tank  
  37  4:30  SCV  
  41  4:34  Engineering Bay  
  38  4:50  Liberator  
  40  5:07  Marine  
  41  5:20  Siege Tank  
  44  5:25  Marine  
  45  5:32  Supply Depot x3  
  45  5:40  Missile Turret  
  45  5:43  Marine  
  46  5:52  Orbital Command  
  46  5:54  Siege Tank  
  49  6:09  Marine  
  48  6:26  Siege Tank  
  50  6:40  Orbital Command  
  40  6:58  Siege Tank  
  42  7:07  Starport  
  42  7:11  Barracks  
  42  7:12  Barracks  
  42  7:18  Missile Turret  
  42  7:54  Missile Turret  
  42  7:58  Barracks Reactor  
  39  8:15  Factory Tech Lab, Marine x2  
  39  8:19  Starport Reactor  
Tags
 
Add a new tag
Caveats
  • Supply blocks, unpowered buildings, or Contaminate may cause inaccurate times.
  • Supply counts are checked every 10 seconds.